 Dungeon Crawl Stone Soup version 0.16-a0-3354-g045d5c7 (webtiles) character file.

38 BluebellGnoll the Conjurer (level 3, 0/24 HPs)
             Began as an Octopode Wanderer on Dec 29, 2014.
             Succumbed to an adder's poison
             ... on level 2 of the Dungeon.
             The game lasted 00:02:59 (796 turns).

BluebellGnoll the Conjurer (Octopode Wanderer)       Turns: 796, Time: 00:02:59

Health: 0/24       AC:  1    Str:  9    XL:     3   Next: 43%
Magic:  1/4        EV: 11    Int: 17    God:
Gold:   68         SH:  0    Dex: 11    Spells: 2 memorised, 1 level left

rFire  . . .     SeeInvis .     b - +0 falchion
rCold  . . .     Clarity  .     (no shield)
rNeg   . . .     SustAb   .     (helmet restricted)
rPois  .         Gourm    .     (no amulet)
rElec  .         Spirit   .     (no ring)
rCorr  .         Warding  .     (no ring)
rMut   .         Stasis   .     (no ring)
MR     .....                    (no ring)
Stlth  +++.......               (no ring)
                                (no ring)
                                (no ring)
                                (no ring)

@: lethally poisoned, very slightly contaminated, not resistant to hostile
enchantments, fairly stealthy
A: almost no armour, amphibious, 8 rings, constrict 8, camouflage 1, gelatinous
body 1
a: no special abilities


You were on level 2 of the Dungeon.
You were not hungry.

You visited 1 branch of the dungeon, and saw 2 of its levels.

You collected 68 gold pieces.

Inventory:

Hand weapons
 b - a +0 falchion (weapon)
 e - a +0 dagger
Scrolls
 c - 2 scrolls of teleportation
 i - 2 scrolls of identify {unknown}
 j - 2 scrolls of remove curse {unknown}
Potions
 d - a potion of cancellation {unknown}
 g - a potion of agility {unknown}
 l - a potion of curing {unknown}
Books
 a - a book of Flames

   Spells                             Type                      Level
   a - Flame Tongue                   Conjuration/Fire             1
   b - Throw Flame                    Conjuration/Fire             2
   c - Conjure Flame                  Conjuration/Fire             3
   d - Inner Flame                    Hexes/Fire                   3
   e - Sticky Flame                   Conjuration/Fire             4
   f - Fireball                       Conjuration/Fire             5
Comestibles
 f - a bread ration
 h - 2 beef jerkies
 k - 5 chunks of flesh


   Skills:
 - Level 2.0 Fighting
 - Level 2.0 Long Blades
 - Level 1.0 Throwing
 - Level 2.6 Stealth
 - Level 1.0 Spellcasting
 + Level 3.0 Conjurations
 - Level 2.0 Fire Magic


You had one spell level left.
You knew the following spells:

 Your Spells              Type           Power        Failure   Level  Hunger
a - Flame Tongue          Conj/Fire      #....        10%         1    ##.....
b - Throw Flame           Conj/Fire      #.....       14%         2    ###....


Dungeon Overview and Level Annotations

Branches:
Dungeon (2/15)

Altars:


Innate Abilities, Weirdness & Mutations

You cannot wear most types of armour.
You are amphibious.
You can wear up to eight rings at the same time.
You can use your tentacles to constrict many enemies at once.
Your skin changes colour to match your surroundings (Stealth).
Your rubbery body absorbs attacks (AC +1).


Message History

The adder is severely wounded.
You feel sick. The adder bites you.
* * * LOW HITPOINT WARNING * * *
The adder bites you but does no damage.
Casting: Flame Tongue
Confirm with . or Enter, or press ? or * to list all spells.
Aiming: Flame Tongue
Press: ? - help, Shift-Dir - straight line, f/p - adder
Aim: an adder (severely wounded)
You miscast Flame Tongue.
You are very lightly contaminated with residual magic.
Nothing appears to happen.
The adder bites you.
* * * LOW HITPOINT WARNING * * *
Casting: Flame Tongue
Confirm with . or Enter, or press ? or * to list all spells.
Aiming: Flame Tongue
Press: ? - help, Shift-Dir - straight line, f/p - adder
Aim: an adder (severely wounded)
The flame tongue misses the adder.
You die...

#........####
#..........##
##....###...#
##..## #...## ##.#
#)...##### ##.#
#........#### #..#
#...#.##.....
#.#####....(.######
#.@S..##.#....###..
#.....##..........#
#........####.....#
#......### ####...
#......# #.##
#......# #.
#.####.. #. #.# #
#. . #.


You could see an adder.

Vanquished Creatures
  A worm (D:2)
  A giant gecko (D:1)
  2 giant cockroaches
  A goblin (D:2)
  2 hobgoblins (D:1)
  8 jackals
  5 kobolds
  4 bats
  3 giant newts
  A rat (D:1)
28 creatures vanquished.

Vanquished Creatures (others)
  5 toadstools (D:1)
5 creatures vanquished.

Grand Total: 33 creatures vanquished

Notes
Turn   | Place    | Note
--------------------------------------------------------------
     0 | D:1      | BluebellGnoll, the Octopode Wanderer, began the quest for the Orb.
     0 | D:1      | BluebellGnoll set off with: a book of Flames, a +0 falchion, a scroll of teleportation, a +0 dagger, a bread ration
     0 | D:1      | Reached XP level 1. HP: 14/14 MP: 2/2
     2 | D:1      | Learned a level 1 spell: Flame Tongue
    51 | D:1      | Reached skill level 1 in Conjurations
   154 | D:1      | Reached XP level 2. HP: 19/19 MP: 3/3
   160 | D:1      | Learned a level 2 spell: Throw Flame
   694 | D:2      | Reached XP level 3. HP: 24/24 MP: 0/4
   779 | D:2      | Reached skill level 3 in Conjurations
   795 | D:2      | HP: 1/24 [adder (1)]
   796 | D:2      | Succumbed to an adder's poison

Action                   || total
-------------------------++-------
Melee: Falchion          ||    59
 Cast: Flame Tongue      ||     6
 Stab: Sleeping          ||     7
